 Dungeon Crawl Stone Soup version 0.22-a0-42-g002c468 (webtiles) character file.

27 Delita the Chopper (level 2, 27/27 HPs)
             Began as a Minotaur Berserker on Jan 4, 2018.
             Was a Follower of Trog.
             Quit the game on level 1 of the Dungeon on Jan 5, 2018.
             The game lasted 00:03:30 (841 turns).

Delita the Chopper (Minotaur Berserker)              Turns: 841, Time: 00:03:30

Health: 27/27      AC:  2    Str: 21    XL:     2   Next: 93%
Magic:  1/1        EV: 12    Int:  4    God:    Trog [*.....]
Gold:   49         SH:  0    Dex:  9    Spells: 1/1 levels left

rFire    + . .     SeeInvis .   a - +0 hand axe
rCold    . . .     Gourm    .   (no shield)
rNeg     . . .     Faith    .   b - +0 animal skin
rPois    .         Spirit   .   (helmet restricted)
rElec    .         Reflect  .   (no cloak)
rCorr    .         Harm     .   (no gloves)
MR       .....                  (no boots)
Stlth    +.........             (no amulet)
HPRegen  0.09/turn              d - ring of protection from fire
MPRegen  0.07/turn              (no ring)

@: no status effects
A: retaliatory headbutt, horns 2
a: Berserk, Burn Spellbooks, Renounce Religion


You were on level 1 of the Dungeon.
You worshipped Trog.
Trog was aware of your devotion.
You were not hungry.

You visited 1 branch of the dungeon, and saw 1 of its levels.

You collected 49 gold pieces.

Inventory:

Hand Weapons
 a - a +0 hand axe (weapon)
Armour
 b - a +0 animal skin (worn)
Jewellery
 d - a ring of protection from fire (left hand)
Scrolls
 g - a scroll of random uselessness {unknown}
 h - a scroll of teleportation {unknown}
 i - a scroll of blinking {unknown}
 j - 2 scrolls of fog {unknown}
Potions
 e - 2 potions of curing {unknown}
 f - a potion of haste {unknown}
 k - a potion of brilliance {unknown}
Comestibles
 c - a ration


   Skills:
 + Level 4.1 Fighting
 + Level 4.4 Axes
 + Level 2.6 Armour
 + Level 2.3 Dodging


You had one spell level left.
You didn't know any spells.

Dungeon Overview and Level Annotations

Branches:
Dungeon (1/15)

Altars:


Innate Abilities, Weirdness & Mutations

You reflexively headbutt those who attack you in melee.
You have a pair of horns on your head.


Message History

There is a stone staircase leading down here.
You see here a club.
You enter a teleport trap!
The teleport trap disappears.
Your surroundings suddenly seem different.
You see here a club.
You see here a hunting sling.
There is a dry fountain here.
There is a dry fountain here.
j - 2 scrolls labeled XEDYXZOLLUA (gained 1) Done exploring.
Done exploring.
There is a staircase leading out of the dungeon here.
There is a stone staircase leading down here.
Save game and exit?
Welcome back, Delita the Minotaur Berserker.
Trog says: Kill them all!
Press ? for a list of commands and other information.
You see here a robe.
There is a stone staircase leading down here.
Are you sure you want to abandon this character and quit the game? (Confirm with "yes".)

######...# #########
#....##..# #...(...#
#....##..# #.#####.#
####....##..# #.# #.#
#.......##..# #.# #.#
#.....).##..###.# #.#
#...............# #.#
#.....#####..########.#
#.....# #.@.......#.#
###....## #########.#.#
#.###'## #.#.# #.# #.#
#.#.# #.###.# #.#.#
###.....# #.#.#
....#.### #.#.##
#####.# #.#..# #.#
#.##.#


There were no monsters in sight!

Vanquished Creatures
  2 dart slugs (D:1)
  3 bats (D:1)
  5 giant cockroaches (D:1)
  2 goblins (D:1)
  4 hobgoblins (D:1)
  2 frilled lizards (D:1)
  4 rats (D:1)
22 creatures vanquished.

Notes
Turn   | Place    | Note
-------+----------+-------------------------------------------
     0 | D:1      | Delita the Minotaur Berserker began the quest for the Orb.
     0 | D:1      | Reached XP level 1. HP: 19/19 MP: 0/0
    94 | D:1      | Reached XP level 2. HP: 21/27 MP: 1/1
   802 | D:1      | Upgraded the game from 0.22-a0-40-g3d2f077 to 0.22-a0-42-g002c468
   841 | D:1      | Quit the game

Vault maps used:
D:1:      dpeg_arrival_leaves_temple_mockup

Skill      XL: |  1  2 |
---------------+-------+-----
Fighting       | 4 |  4.1
Axes           | 4 |  4.4
Armour         | |  2.6
Dodging        | |  2.3

Action                   || total
-------------------------++-------
Melee: Hand axe          ||    45
       Headbutt          ||     8
Armor: Animal skin       ||    15
Dodge: Dodged            ||    28

Table legend:
 A = Spawn XP
 B = Non-spawn XP
 C = Spawn XP percentage of total XP
 D = Spawn monster count
 E = Non-spawn monster count
 F = Spawn count percentage of total count
 G = Total turns spent on level
                    A         B        C        D         E        F      G
               +---------+---------+-------+---------+---------+-------+---------
         Total |       0 |      39 |   0.0 |       0 |      22 |   0.0 |   841
               +---------+---------+-------+---------+---------+-------+---------
           D:1 |       0 |      39 |   0.0 |       0 |      22 |   0.0 |   841
               +---------+---------+-------+---------+---------+-------+---------
